 Dungeon Crawl Stone Soup version 0.31-a0-233-g139696dc86 (webtiles) character file.

Game seed: 16167606953534411171

57 qw the Shooter (level 3, -1/29 HPs)
             Began as a Minotaur Hexslinger on July 9, 2023.
             Slain by an orc wizard
             ... wielding a +0 dagger
              (4 damage)
             ... on level 2 of the Dungeon.
             The game lasted 00:00:28 (1214 turns).

qw the Shooter (Minotaur Hexslinger)                Turns: 1214, Time: 00:00:28

Health: -1/29      AC:  2    Str: 12    XL:     3   Next: 73%
Magic:  3/3        EV: 12    Int: 10    God:
Gold:   144        SH:  0    Dex: 14    Spells: 3/4 levels left

rFire   . . .        g - +1 sling (heavy)
rCold   . . .        (no shield)
rNeg    . . .        c - +0 robe
rPois   .            (helmet restricted)
rElec   .            (no cloak)
rCorr   .            (no gloves)
SInv    .            (no boots)
Will    .....        (no amulet)
Stlth   +            (no ring)
HPRegen 0.24/turn    (no ring)
MPRegen 0.08/turn

%: no passive effects
@: no status effects
A: horns 2, retaliatory headbutt
a: no special abilities


You were on level 2 of the Dungeon.
You visited 1 branch of the dungeon, and saw 3 of its levels.

You collected 144 gold pieces.


Innate Abilities, Weirdness & Mutations

You have a pair of horns on your head.
You reflexively headbutt those who attack you in melee.


   Skills:
 - Level 2.0 Fighting
 + Level 4.2 Ranged Weapons
 - Level 2.1 Dodging
 - Level 1.0 Spellcasting
 - Level 2.0 Hexes


You had 3 spell levels left.
You knew the following spells:

 Your Spells              Type           Power      Damage    Failure   Level
a - Slow                  Hex            16%        N/A       16%         1

Your spell library contained the following spells:

 Spells                   Type           Power      Damage    Failure   Level
 Inner Flame              Hex/Fire       2%         N/A       56%         3
 Portal Projectile        Hex/Tloc       4%         N/A       56%         3
 Cause Fear               Hex            2%         N/A       83%         4

Inventory:

Hand Weapons
 g - a +1 heavy sling (weapon)
Armour
 c - a +0 robe (worn)
Scrolls
 b - 2 scrolls of teleportation
Potions
 a - 2 potions of heal wounds
 h - a potion of cancellation {unknown}

Dungeon Overview and Level Annotations

Branches:
Dungeon (3/15)

Altars:


Message History

The sling bullet hits the orc but does no damage.
The orc wizard points at you and mumbles some strange words.
The magic dart hits you.
1204 ||| STAIRDANCE You climb upwards.
There is a stone staircase leading down here.
Enter note:
Enter note:
Enter note:
Enter note:
Enter note:
Enter note:
Enter note:
Enter note:
Enter note: You shoot a sling bullet.
The sling bullet closely misses the orc wizard.
You feel your willpower return.
The orc wizard gestures at you while chanting.
The magic dart hits you!
The orc wizard casts a spell.
The orc wizard flickers and vanishes!
Deactivating autopickup; reactivate with Ctrl-A.
You shoot a sling bullet. Something hits you.
Something hits you but does no damage.
You shoot a sling bullet. Something hits you.
Something hits you but does no damage.
You shoot a sling bullet. Something hits you. x2
You shoot a sling bullet. Something hits you.
You shoot a sling bullet. Something hits you.
Something hits you but does no damage.
You shoot a sling bullet. Something hits you but does no damage.
Something hits you.
You shoot a sling bullet. Something hits you.
Something hits you but does no damage.
You shoot a sling bullet. Something hits you.
You die...

##.###.###.##..###'#####.........
............#..###.# #...).######
.###.###.##......#.# #.#>..#
..........#.#..#.#.###.#...#
##[###.##...#..#.#.........#
#.......#.#.#....#####.#.#.#
..##.##...#........# #...#.#
#.#...#.#.#S#......# #####.#
#...#...#.g.#...@..# #.#
#.#...#.#.#.##.{...# #.#
..##.##.r.#........#######.#
#.......#.#.#..............#
##.###.##...################
.......)..#.####
r###.###.##....####
............##....# #########
##.###.###.###.##.# #.......#


There were no monsters in sight!

Vanquished Creatures
  2 adders (D:2)
  A worm (D:2)
  2 dart slugs (D:1)
  5 ball pythons
  3 endoplasms
  2 goblins (D:2)
  2 hobgoblins
  3 kobolds (D:2)
  5 bats
  4 frilled lizards
  5 rats
34 creatures vanquished.

Notes
Turn   | Place    | Note
-------+----------+-------------------------------------------
     0 | D:1      | qw the Minotaur Hexslinger began the quest for the Orb.
     0 | D:1      | Reached XP level 1. HP: 16/16 MP: 1/1
     0 | D:1      | 0 ||| qw: Version: 0.3-a-51-g015441d
     0 | D:1      | 0 ||| qw: Game counter: 3817
     0 | D:1      | 0 ||| qw: Melee chars always use a shield: true
     0 | D:1      | 0 ||| qw: God list: Okawaru
     0 | D:1      | 0 ||| qw: Allow faded altars: false
     0 | D:1      | 0 ||| qw: Do Orc after clearing Dungeon:15 true
     0 | D:1      | 0 ||| qw: Do second Lair branch before Depths: true
     0 | D:1      | 0 ||| qw: Lair rune preference: random
     0 | D:1      | 0 ||| qw: Goals: Normal
     0 | D:1      | 0 ||| PLANNING D:1-11
    94 | D:1      | Reached skill level 3 in Ranged Weapons
   105 | D:1      | Reached XP level 2. HP: 23/23 MP: 2/2
   246 | D:1      | Found a faded altar of an unknown god.
   356 | D:1      | 356 ||| READING 3 scrolls labelled WIOFUR FUDAGEG.
   357 | D:1      | 357 ||| READING scroll labelled GUFAICH VAFYA.
   358 | D:1      | 358 ||| READING scroll labelled WERCHO SUITHREE.
   359 | D:1      | 359 ||| READING 2 scrolls labelled LAHE VEZIG.
   364 | D:1      | 364 ||| DROPPING 2 scrolls of amnesia.
   365 | D:1      | 365 ||| DROPPING scroll of poison.
   535 | D:2      | Reached XP level 3. HP: 29/29 MP: 3/3
   987 | D:2      | Reached skill level 4 in Ranged Weapons
  1177 | D:2      | 1177 ||| READING scroll labelled LYINLO JOTACYCI.
  1178 | D:2      | 1178 ||| READING scroll labelled EHEOLU ROLUTZ.
  1179 | D:2      | 1179 ||| READING scroll labelled HAANTE ZICU.
  1180 | D:2      | 1180 ||| READING scroll labelled MAYB BINOHI.
  1181 | D:2      | 1181 ||| DRINKING 3 emerald potions.
  1204 | D:3      | 1204 ||| STAIRDANCE
  1210 | D:2      | HP: 7/29 [something (3)]
  1213 | D:2      | HP: 3/29 [something (2)]
  1214 | D:2      | Slain by an orc wizard

Levels and vault maps discovered:
D:1:      evilmike_arrival_plus, layout_rooms,
          shapermc_ecumenical_altar_starsandcircs
D:2:      layout_basic, nicolae_concentric_dashed_squares_mild,
          grunt_ministairs_1
D:3:      layout_basic

Skill      XL: |  1  2  3 |
---------------+----------+-----
Ranged Weapons | 3 4 |  4.2
Fighting       | 2 |  2.0
Dodging        | |  2.1
Spellcasting   | |  1.0
Hexes          | |  2.0

Action                     || total
---------------------------++-------
   Fire: Sling             ||    94
    Use: Scroll            ||     8
         Potion            ||     1
 Armour: Robe              ||    13
  Dodge: Dodged            ||    26

Table legend:
 A = Non-vault XP
 B = Vault XP
 C = Vault XP percentage of total XP
 D = Non-vault monster count
 E = Vault monster count
 F = Vault count percentage of total count
                 A         B        C        D         E       F
            +---------+---------+-------+---------+---------+-------
      Total |      79 |       3 |   3.7 |      32 |       2 |   5.9
            +---------+---------+-------+---------+---------+-------
        D:1 |      25 |       0 |   0.0 |      15 |       0 |   0.0
        D:2 |      54 |       3 |   5.3 |      17 |       2 |  10.5
            +---------+---------+-------+---------+---------+-------
